 Dungeon Crawl Stone Soup version 0.27.1-34-g3ba077fa99 (webtiles) character file.

Game seed: 1103629393185255756

43 cbfl8 the Sneak (level 3, -2/33 HPs)
             Began as a Minotaur Delver on Jan 16, 2022.
             Was a Follower of Yredelemnul.
             Slain by Crazy Yiuf (19 damage)
             ... on level 2 of the Dungeon.
             The game lasted 00:06:22 (1954 turns).

cbfl8 the Sneak (Minotaur Delver)                   Turns: 1954, Time: 00:06:22

Health: -2/33      AC:  3    Str: 16    XL:     3   Next: 37%
Magic:  2/2        EV: 12    Int:  8    God:    Yredelemnul [*.....]
Gold:   30         SH:  0    Dex: 11    Spells: 2/2 levels left

rFire    . . .     SeeInvis .   s - +2 spear (flame)
rCold    . . .     Faith    .   (no shield)
rNeg     . . .     Spirit   .   b - +0 leather armour
rPois    .         Reflect  .   (helmet restricted)
rElec    .         Harm     .   (no cloak)
rCorr    .         Rampage  .   (no gloves)
Will     .....                  (no boots)
Stlth    ++........             (no amulet)
HPRegen  0.11/turn              (no ring)
MPRegen  0.08/turn              (no ring)

@: no status effects
A: horns 2, retaliatory headbutt
a: Renounce Religion, Animate Remains


You were on level 2 of the Dungeon.
You worshipped Yredelemnul.
Yredelemnul was aware of your devotion.
You visited 2 branches of the dungeon, and saw 7 of its levels.

You collected 30 gold pieces.

Inventory:

Hand Weapons
 a - a +0 hand axe
 k - a +0 dagger
 l - a +2 whip of pain
 s - a +2 spear of flaming (weapon)
Missiles
 i - 36 arrows
Armour
 b - a +0 leather armour (worn)
Wands
 g - a wand of digging (3)
 h - a wand of iceblast (7)
 u - a wand of polymorph (9)
Scrolls
 c - 2 scrolls of fog
 d - 3 scrolls of magic mapping
 e - 2 scrolls of fear
 m - a scroll of blinking {unknown}
Potions
 f - a potion of haste
 j - 2 potions of degeneration {unknown}
 n - a potion of invisibility {unknown}
 o - a potion of lignification {unknown}
 p - 2 potions of ambrosia {unknown}
 q - a potion of flight {unknown}
 r - a potion of heal wounds {unknown}
 t - a potion of curing {unknown}


   Skills:
 * Level 3.9 Fighting
 + Level 2.4(2.5) Axes
 + Level 0.6(1.6) Maces & Flails
 + Level 1.4 Armour
 + Level 2.5 Dodging
 + Level 4.6 Stealth


You had 2 spell levels left.
You didn't know any spells.
Your spell library contained the following spells:

 Spells                   Type           Power      Damage    Failure   Level
 Sublimation of Blood     Necr           0%         N/A       63%         2
 Wereblood                Tmut           0%         N/A       63%         2
 Portal Projectile        Hex/Tloc       0%         N/A       85%         3
 Blade Hands              Tmut           0%         N/A       100%        5
 Excruciating Wounds      Necr           0%         N/A       100%        5
 Summon Hydra             Summ           0%         N/A       100%        7


Dungeon Overview and Level Annotations

Branches:
Dungeon (6/15)             Temple (1/1) D:5

Altars:
Dithmenos
Elyvilon
Gozag
Okawaru
Ru
Sif Muna
Uskayaw
Wu Jian
Yredelemnul
Zin

Annotations:
D:2 Crazy Yiuf


Innate Abilities, Weirdness & Mutations

You have a pair of horns on your head.
You reflexively headbutt those who attack you in melee.


Message History

You closely miss the ball python. You headbutt the ball python.
You kill the ball python!
Yredelemnul accepts your kill.
c - 2 scrolls of fog (gained 1)
A ball python comes into view.
You barely miss the ball python.
The ball python hisses angrily.
Your headbutt misses the ball python.
The ball python bites you but does no damage.
The ball python barely misses you.
You closely miss the ball python. The ball python barely misses you.
The ball python closely misses you.
You closely miss the ball python. Your headbutt misses the ball python.
The ball python closely misses you. x2
You hit the ball python. You burn the ball python.
You headbutt the ball python.
You kill the ball python!
Yredelemnul accepts your kill.
You see here a ball python corpse.
You see here a ball python corpse.
Found a stone staircase leading down.
Found a robe.
Found an escape hatch in the ceiling.
A rat comes into view.
Found a long glass wand.
You hit the rat. You burn the rat.
You kill the rat!
Yredelemnul accepts your kill.
u - a wand of polymorph (9)
You open the door.
There is an open door here.
Found a mace.
Found a runed translucent door.
You open the door.
Crazy Yiuf shouts!
There is an open translucent door here.
Crazy Yiuf hits you with a +2 quarterstaff of chaos!
You are electrocuted!!
Ouch! That really hurt!
You die...
Your body rises from the dead as a mindless zombie.

#.........>##.......#
#.#
#.....#######.......#
#.# #.....####
#.......# #.##
#........# #########
#..# #.....#### #..#
######'## #..#
#.......# #####
♣♣##..# #.......####
#)..#♣♣ ♣♣.....#
...........#
#.g@'.♣♣♣♣......#
#.......####
#...#♣..♣.......#
#.......####
#####♣♣♣.♣......#
#..........#
♣♣♣♣♣##..#
#.#.#####.## #..#
#.#. #.###### ###
#..# # #. #.##.#.#
#.# #.## . #.##.#.#
#.######.#
#.##.#.#####.#......#


You could see Crazy Yiuf.

Vanquished Creatures
  8 ball pythons
  6 bats (D:1)
  An endoplasm (D:3)
  A giant cockroach (D:1)
  A goblin (D:2)
  9 hobgoblins
  A quokka (D:2)
  3 frilled lizards
  5 kobolds
  5 rats
40 creatures vanquished.

Notes
Turn   | Place    | Note
-------+----------+-------------------------------------------
     0 | D:5      | cbfl8 the Minotaur Delver began the quest for the Orb.
     0 | D:5      | Reached XP level 1. HP: 19/19 MP: 0/0
     1 | D:5      | Found a staircase to the Ecumenical Temple.
     7 | Temple   | Entered the Ecumenical Temple
    18 | Temple   | Became a worshipper of Yredelemnul the Dark
   277 | D:3      | Noticed an orc wizard
   309 | D:1      | Found a faded altar of an unknown god.
   465 | D:1      | Reached XP level 2. HP: 21/26 MP: 1/1
   556 | D:1      | Reached skill level 1 in Armour
  1123 | D:1      | Reached * piety under Yredelemnul
  1177 | D:1      | Reached XP level 3. HP: 29/33 MP: 2/2
  1948 | D:2      | Found a runed translucent door.
  1949 | D:2      | Noticed Crazy Yiuf
  1954 | D:2      | Slain by Crazy Yiuf

Illustrated notes

Levels and vault maps discovered:
D:1:      minmay_arrival_cross, layout_rooms,
          ebering_ecumenical_altar_sacrificial, serial_corexii_hall,
          corexii_hall_statues_l, chequers_hall_statues_corner_a,
          minmay_misc_feat_diagonals, minmay_tetromino_l4
D:2:      layout_basic, minmay_misc_feat_tiny, uniq_crazy_yiuf_cottage,
          uniq_natasha, uniq_robin
D:3:      layout_basic
D:4:      cheibrodos_fertilizer, layout_rooms, serial_curves, eino_curves_04,
          eino_curves_03
D:5:      layout_basic, minmay_temple_entry_from_below_a, goddamned_bats,
          uniq_sigmund
D:6:      layout_layer_cave, nicolae_tso_swordbearing_angel,
          hangedman_glass_teeth, nicolae_specific_store, uniq_edmund
Temple:   compressed_dpeg_triangle_lava_temple

Skill      XL: |  1  2 |
---------------+-------+-----
Armour         | 1 |  1.4
Fighting       | |  3.9
Axes           | |  2.4
Maces & Flails | |  0.6
Dodging        | |  2.5
Stealth        | |  4.6

Action                   || total
-------------------------++-------
Melee: Hand axe          ||     5
       Whip              ||    44
       Headbutt          ||    12
       Spear             ||    26
 Stab: Sleeping          ||     3
Armor: Leather armour    ||    34
Dodge: Dodged            ||    63
